 Dungeon Crawl Stone Soup version 0.22-a0-392-g5dc3fd9 (webtiles) character file.

683 Gildeon the Magician (level 7, -1/36 HPs)
             Began as a Gargoyle Earth Elementalist on May 2, 2018.
             Slain by Duvessa
             ... wielding a +0 short sword
              (13 damage)
             ... on level 4 of the Dungeon.
             The game lasted 00:29:32 (3722 turns).

Gildeon the Magician (Gargoyle Earth Elementalist)  Turns: 3722, Time: 00:29:33

Health: -1/36      AC:  8    Str: 12    XL:     7   Next: 61%
Magic:  6/15       EV: 12    Int: 17    God:
Gold:   178        SH:  0    Dex: 10    Spells: 2/17 levels left

rFire    . . .     SeeInvis .   k - +2 mace (holy)
rCold    . . .     Gourm    .   (no shield)
rNeg     + + .     Faith    .   a - +2 robe {rN+}
rPois    ∞         Spirit   .   (no helmet)
rElec    +         Reflect  .   (no cloak)
rCorr    .         Harm     +   (no gloves)
MR       .....                  (no boots)
Stlth    ++........             l - amulet of harm
HPRegen  0.12/turn              (no ring)
MPRegen  0.14/turn              (no ring)

@: no status effects
A: negative energy resistance 1, electricity resistance, unbreathing,
petrification resistance, rot immunity, AC +4
a: no special abilities


You were on level 4 of the Dungeon.
You were not hungry.

You visited 1 branch of the dungeon, and saw 4 of its levels.

You collected 178 gold pieces.

Inventory:

Hand Weapons
 k - a +2 mace of holy wrath (weapon)
Missiles
 b - 64 stones (quivered)
Armour
 a - a +2 robe of positive energy (worn)
Jewellery
 l - an amulet of harm (around neck)
Wands
 c - a wand of paralysis (7)
Scrolls
 e - a scroll of blinking
 i - a scroll of enchant weapon
 m - a scroll of remove curse
 p - a scroll of fear {unknown}
Potions
 f - a potion of heal wounds
 g - a potion of brilliance
 h - 4 potions of curing
 j - a potion of berserk rage {unknown}
 o - a potion of lignification {unknown}
Comestibles
 d - 6 rations


   Skills:
 - Level 1.5 Dodging
 - Level 2.1 Stealth
 - Level 5.7 Spellcasting
 + Level 3.7 Transmutations
 - Level 5.2 Earth Magic


You had 2 spell levels left.
You knew the following spells:

 Your Spells              Type           Power        Failure   Level  Hunger
a - Sandblast             Erth           ###...       1%          1    None
b - Passwall              Tmut/Erth      ###.......   3%          2    #......
c - Stone Arrow           Conj/Erth      ##....       14%         3    ##.....
d - Petrify               Tmut/Erth      ###.....     22%         4    ####...
e - Lee's Rapid Deconstr  Erth           ###.......   41%         5    ######.


Dungeon Overview and Level Annotations

Branches:
Dungeon (4/15)             Temple (0/1) D:4

Altars:
Fedhas
Vehumet
Yredelemnul

Annotations:
D:4 Duvessa


Innate Abilities, Weirdness & Mutations

You are resistant to torment.
Your stone body is resilient. (AC +4)
You are immune to poison.
You resist negative energy. (rN+)
You are resistant to electric shocks. (rElec)
You can survive without breathing.
You are immune to petrification.
You are immune to rotting.


Message History

Confirm with . or Enter, or press ? or * to list all spells.
Aiming: Sandblast (safe; 1% risk of failure)
Press: ? - help, Shift-Dir - straight line, f - Duvessa
Aim: Duvessa, wielding a short sword and wearing a chain mail (heavily wounded, berserk, fast, unusually strong)
The blast of sand hits Duvessa.
Duvessa is heavily wounded.
b - 65 stones Duvessa misses you.
The leopard gecko closely misses you.
Casting: Sandblast (safe; 1% risk of failure)
Confirm with . or Enter, or press ? or * to list all spells.
Aiming: Sandblast (safe; 1% risk of failure)
Press: ? - help, Shift-Dir - straight line, f/p - Duvessa
Aim: Duvessa, wielding a short sword and wearing a chain mail (heavily wounded, berserk, fast, unusually strong)
The blast of sand hits Duvessa.
Duvessa is heavily wounded.
b - 64 stones Duvessa hits you with a short sword!
The leopard gecko bites you but does no damage.
Duvessa hits you with a short sword!
You die...

.. .## .. ... ###.
# ..####... ..
#...... .# #....
#).# #l## #@e##
##..# #..##
######..#
##...##..##
###......#..##
##............#
##.............#
##...............#


You could see Duvessa (berserk) and a leopard gecko.

Vanquished Creatures
  Sigmund (D:2)
  The ghost of Nib the Sneak, an amateur SpEn (D:4)
  An ogre (D:4)
  Dowan (D:4)
  A crimson imp (D:2)
  Terence (D:3)
  Ijyb (D:2)
  A worker ant (D:4)
  A hound skeleton (D:4)
  2 adders (D:3)
  An ooze (D:2)
  2 worms (D:3)
  4 dart slugs
  2 leopard geckos (D:3)
  8 orcs
  10 bats
  3 giant cockroaches
  2 gnoll zombies (D:2)
  12 goblins
  8 hobgoblins
  2 jackals (D:3)
  A quokka (D:3)
  8 frilled lizards
  9 kobolds
  6 rats
  2 bushes (D:3)
  A plant (D:3)
92 creatures vanquished.

Notes
Turn   | Place    | Note
-------+----------+-------------------------------------------
     0 | D:1      | Gildeon the Gargoyle Earth Elementalist began the quest for the Orb.
     0 | D:1      | Reached XP level 1. HP: 10/10 MP: 3/3
   148 | D:1      | Reached XP level 2. HP: 15/15 MP: 1/5
   195 | D:1      | Learned a level 2 spell: Passwall
   488 | D:1      | Reached XP level 3. HP: 19/19 MP: 5/7
   502 | D:1      | Learned a level 3 spell: Stone Arrow
   791 | D:2      | Noticed Sigmund
  1337 | D:2      | Reached XP level 4. HP: 24/24 MP: 6/10
  1398 | D:2      | Learned a level 4 spell: Petrify
  1523 | D:2      | Killed Sigmund
  1523 | D:2      | Reached skill level 5 in Spellcasting
  1523 | D:2      | Reached XP level 5. HP: 27/28 MP: 7/13
  1523 | D:2      | Reached XP level 6. HP: 31/32 MP: 7/14
  1571 | D:2      | Noticed Ijyb
  1581 | D:2      | Killed Ijyb
  1852 | D:2      | Found a basalt altar of Yredelemnul.
  1892 | D:3      | Found a radiant altar of Vehumet.
  1899 | D:3      | Learned a level 5 spell: Lee's Rapid Deconstruction
  2237 | D:3      | Found a blossoming altar of Fedhas.
  2871 | D:3      | Noticed Terence
  2883 | D:3      | Killed Terence
  2883 | D:3      | Reached skill level 5 in Earth Magic
  3303 | D:4      | Reached skill level 1 in Transmutations
  3378 | D:4      | Found a staircase to the Ecumenical Temple.
  3489 | D:4      | Reached XP level 7. HP: 36/36 MP: 11/15
  3626 | D:4      | Noticed Nib's ghost (amateur SpEn)
  3632 | D:4      | Killed Nib's ghost
  3710 | D:4      | Noticed Duvessa
  3710 | D:4      | Noticed Dowan
  3720 | D:4      | Killed Dowan
  3722 | D:4      | Slain by Duvessa

Vault maps used:
D:1:      elethiomel_arrival_shortcut
D:2:      kennysheep_the_goblin_king, lemuel_zombie_altar_yredelemnul,
          nrook_loot_triangle, uniq_sigmund
D:3:      fiery_altar_vehumet, serial_forest, infiniplex_forest_zigzag_1,
          infiniplex_forest_clump_long, infiniplex_forest_join,
          infiniplex_forest_zigzag_1, infiniplex_forest_clump_curved,
          infiniplex_forest_lined_2, infiniplex_forest_straight_2, first_ration,
          fedhas_altar_3, uniq_terence
D:4:      minmay_temple_entry_butterflies, enter_ossuary_4, uniq_duvessa,
          uniq_ijyb

Skill      XL: |  1  2  3  4  5  6  7 |
---------------+----------------------+-----
Spellcasting   | 3 4 5 |  5.7
Earth Magic    | 5 |  5.2
Transmutations | 2 3 |  3.7
Dodging        | |  1.5
Stealth        | |  2.1

Action                   |  1- 3 |  4- 6 |  7- 9 || total
-------------------------+-------+-------+-------++-------
Melee: Club              |     1 |    11 |       ||    12
       Mace              |       |   201 |     1 ||   202
       Flail             |       |    19 |       ||    19
 Cast: Sandblast         |    43 |    90 |    15 ||   148
       Stone Arrow       |     1 |       |       ||     1
Evoke: Wand              |       |     2 |     1 ||     3
  Use: Scroll            |     6 |     3 |     3 ||    12
  Eat: Ration            |     1 |     1 |       ||     2
       Chunk             |       |     4 |       ||     4
Armor: Robe              |     5 |    14 |     4 ||    23
Dodge: Dodged            |     7 |    35 |     9 ||    51

Table legend:
 A = Spawn XP
 B = Non-spawn XP
 C = Spawn XP percentage of total XP
 D = Spawn monster count
 E = Non-spawn monster count
 F = Spawn count percentage of total count
 G = Total turns spent on level
                    A         B        C        D         E        F      G
               +---------+---------+-------+---------+---------+-------+---------
         Total |       0 |     976 |   0.0 |       0 |      89 |   0.0 |  3722
               +---------+---------+-------+---------+---------+-------+---------
           D:1 |       0 |      39 |   0.0 |       0 |      23 |   0.0 |  1048
           D:2 |       0 |     347 |   0.0 |       0 |      22 |   0.0 |   771
           D:3 |       0 |     139 |   0.0 |       0 |      36 |   0.0 |  1473
           D:4 |       0 |     451 |   0.0 |       0 |       8 |   0.0 |   430
               +---------+---------+-------+---------+---------+-------+---------
